 Dungeon Crawl Stone Soup version 0.29-a0-284-gf9362112df (webtiles) character file.

Game seed: 6443070537440902615

1675 garrulousMonolith the Cleaver (level 9, -2/75 HPs)
             Began as a Hill Orc Fighter on Mar 24, 2022.
             Was an Initiate of Beogh.
             Slain by an unseen horror (8 damage)
             ... on level 7 of the Dungeon on Mar 25, 2022.
             The game lasted 00:09:07 (6664 turns).

garrulousMonolith the Cleaver (Hill Orc Fighter)    Turns: 6664, Time: 00:09:07

Health: -2/75      AC: 16    Str: 25    XL:     9   Next: 1%
Magic:  0/12       EV:  6    Int: 12    God:    Beogh [......]
Gold:   175        SH:  9    Dex: 10    Spells: 7/8 levels left

rFire   . . .      SeeInvis .   a - +0 war axe
rCold   . . .      Faith    .   n - +0 kite shield
rNeg    . . .      Spirit   +   l - +0 plate armour
rPois   +          Reflect  .   u - +0 helmet
rElec   .          Harm     .   p - +0 cloak
rCorr   .          Rampage  .   E - +0 pair of gloves
Will    .....                   (no boots)
Stlth   ..........              e - amulet of guardian spirit
HPRegen 0.22/turn               g - ring of poison resistance
MPRegen 0.13/turn               J - +6 ring of strength

@: no status effects
A: no striking features
a: Renounce Religion


You were on level 7 of the Dungeon.
You worshipped Beogh.
Beogh was noncommittal.
You visited 1 branch of the dungeon, and saw 7 of its levels.

You collected 279 gold pieces.
You spent 104 gold pieces at shops.

Inventory:

Hand Weapons
 a - a +0 war axe (weapon)
 b - a +0 hunting sling
 v - a +3 antimagic flail
 x - a +0 long sword of holy wrath
 B - a +0 trident
 H - a +3 hand axe
Missiles
 m - 201 stones
 o - a curare-tipped dart
 A - 8 javelins
 L - 3 poisoned darts (quivered)
Armour
 c - a +0 buckler
 k - +0 acid dragon scales
 l - a +0 plate armour (worn)
 n - a +0 kite shield (worn)
 p - a +0 cloak (worn)
 u - a +0 helmet (worn)
 E - a +0 pair of gloves (worn)
Jewellery
 e - an amulet of guardian spirit (around neck)
 g - a ring of poison resistance (left hand)
 r - a ring of magical power
 I - a ring of ice
 J - a +6 ring of strength (right hand)
Wands
 C - a wand of flame (19)
 G - a wand of paralysis (8)
Scrolls
 f - 2 scrolls of teleportation
 i - a scroll of holy word
 q - a scroll of blinking {unknown}
 s - 2 scrolls of identify {unknown}
 t - 2 scrolls of fog {unknown}
 y - a scroll of magic mapping {unknown}
 z - 2 scrolls of acquirement {unknown}
 F - 4 scrolls of amnesia {unknown}
Potions
 d - a potion of resistance {unknown}
 h - a potion of brilliance {unknown}
 j - 3 potions of flight {unknown}
 D - a potion of haste {unknown}
 K - 2 potions of mutation {unknown}


   Skills:
 + Level 6.3 Fighting
 * Level 8.2 Axes
 + Level 5.6 Armour
 + Level 3.2 Dodging
 + Level 5.6 Shields
 + Level 5.1 Invocations


You had 7 spell levels left.
You knew the following spells:

 Your Spells              Type           Power      Damage    Failure   Level
a - Apportation           Tloc           0%         N/A       100%        1

Your spell library contained the following spells:

 Spells                   Type           Power      Damage    Failure   Level
 Animate Skeleton         Necr           0%         N/A       100%        1
 Summon Small Mammal      Summ           0%         N/A       100%        1
 Ensorcelled Hibernation  Hex/Ice        0%         N/A       100%        2
 Spider Form              Tmut/Pois      0%         N/A       100%        3
 Anguish                  Hex/Necr       0%         N/A       100%        4


Dungeon Overview and Level Annotations

Branches:
Dungeon (7/15)             Temple (0/1) D:7

Altars:

Shops:
D:4 !

Annotations:
D:6 Pikel


Message History

You swing at nothing.
Something hits you but does no damage.
You hit something. You block something's attack.
Something hits you but does no damage.
You completely miss something. Something hits you. x2
Something hits you but does no damage.
You barely miss something.
Something hits you but does no damage. x2
You swing at nothing.
Something hits you.
You swing at nothing.
Something hits you!
* * * LOW HITPOINT WARNING * * *
You swing at nothing.
Something hits you.
* * * LOW HITPOINT WARNING * * *
You swing at nothing.
Something hits you!
* * * LOW HITPOINT WARNING * * *
You feel better. Something hits you.
* * * LOW HITPOINT WARNING * * *
Okay, then.
Something hits you but does no damage. Something hits you but does no damage.
Something hits you but does no damage. Something hits you.
* * * LOW HITPOINT WARNING * * *
You block something's attack.
Something hits you but does no damage. x2
Something hits you.
* * * LOW HITPOINT WARNING * * *
Something hits you!
* * * LOW HITPOINT WARNING * * *
Something hits you.
* * * LOW HITPOINT WARNING * * *
You block something's attack. Something hits you.
* * * LOW HITPOINT WARNING * * *
Something hits you but does no damage. You block something's attack.
Something hits you. Something hits you but does no damage. Something hits you.
* * * LOW HITPOINT WARNING * * *
You feel better. Something hits you.
* * * LOW HITPOINT WARNING * * *
You swing at nothing.
Something hits you but does no damage.
You hit something. Something hits you!
You die...

######...##...#
..#.....###.#.# #.......
⌠...###†# #.#.# .)......
........###.#.# #.......
##......##..#.# # #.......
#...#......#.# ># #.....
##......###.#.#####.# #...
.......####.........#####.#
.##.##........##@#####....#
...............#.## #..###
.###.#.......#.#..####..#
....................##..##
.........................#
....#..............#.......#
..##............#####......#
................# #...####
................# #...#


There were no monsters in sight!

Vanquished Creatures
  A hornet (D:7)
  A troll (D:6)
  An acid dragon (D:6)
  A water moccasin (D:6)
  An ice beast (D:5)
  An ogre (D:4)
  A centaur (D:6)
  A phantom (D:5)
  A kobold brigand (D:6)
  A gnoll sergeant (D:5)
  2 bullfrogs
  A scorpion (D:7)
  A howler monkey (D:5)
  2 hounds
  3 jellies
  An orc wizard (D:6)
  Robin (D:2)
  7 gnolls
  3 adders
  A white imp (D:7)
  An ufetubus (D:6)
  3 worms
  4 dart slugs
  17 orcs
  6 bats
  5 endoplasms
  A giant cockroach (D:1)
  17 goblins
  7 hobgoblins
  2 jackals (D:1)
  6 kobolds
  3 quokkas
  10 ball pythons
  4 frilled lizards (D:1)
  5 rats
123 creatures vanquished.

Vanquished Creatures (others)
  A jelly (D:6)
  An orc priest (D:6)
  An adder (D:6)
  An orc (D:6)
  A kobold (D:6)
5 creatures vanquished.

Grand Total: 128 creatures vanquished

Notes
Turn   | Place    | Note
-------+----------+-------------------------------------------
     0 | D:1      | garrulousMonolith the Hill Orc Fighter began the quest for
                  | the Orb.
     0 | D:1      | Reached XP level 1. HP: 19/19 MP: 1/1
   172 | D:1      | Reached XP level 2. HP: 13/27 MP: 2/2
   174 | D:1      | Reached skill level 3 in Axes
   565 | D:1      | Found a faded altar of an unknown god.
   572 | D:1      | Reached XP level 3. HP: 29/33 MP: 3/3
   952 | D:2      | Reached skill level 1 in Invocations
  1158 | D:2      | Noticed Robin
  1163 | D:2      | Reached XP level 4. HP: 31/40 MP: 4/4
  1173 | D:2      | Killed Robin
  1424 | D:2      | Reached skill level 4 in Axes
  1424 | D:2      | Reached skill level 1 in Dodging
  1913 | D:2      | Reached XP level 5. HP: 46/46 MP: 6/6
  3083 | D:4      | Found Ajuimefo's Distillery.
  3100 | D:4      | Bought a potion of heal wounds for 65 gold pieces
  3100 | D:4      | Bought a potion of curing for 39 gold pieces
  3115 | D:4      | Noticed an ogre
  3123 | D:4      | Killed an ogre
  3124 | D:4      | Reached XP level 6. HP: 30/53 MP: 1/7
  3675 | D:5      | Entered Level 5 of the Dungeon
  3732 | D:5      | Reached skill level 5 in Axes
  3861 | D:5      | Noticed an ice beast
  3879 | D:5      | Killed an ice beast
  4086 | D:5      | Reached XP level 7. HP: 57/60 MP: 7/9
  4443 | D:5      | Reached skill level 5 in Fighting
  4443 | D:5      | Reached skill level 6 in Axes
  4888 | D:6      | Became a worshipper of Beogh the Brigand
  5272 | D:6      | Reached XP level 8. HP: 69/69 MP: 10/10
  5439 | D:6      | Noticed a troll
  5455 | D:6      | Killed a troll
  5456 | D:6      | Reached skill level 7 in Axes
  5456 | D:6      | Reached skill level 5 in Armour
  5456 | D:6      | Reached skill level 5 in Shields
  6096 | D:6      | Noticed Pikel
  6119 | D:7      | Noticed a hornet
  6139 | D:7      | Killed a hornet
  6140 | D:7      | Reached skill level 8 in Axes
  6140 | D:7      | Reached skill level 5 in Invocations
  6378 | D:7      | Learned a level 1 spell: Apportation
  6457 | D:7      | Found a staircase to the Ecumenical Temple.
  6462 | D:7      | Reached XP level 9. HP: 71/75 MP: 10/12
  6664 | D:7      | Slain by an unseen horror

Illustrated notes

Levels and vault maps discovered:
D:1:      amcnicky_arrival_flooded_fountain, layout_rooms,
          hellmonk_ecumenical_altar_blasted
D:2:      minmay_evil_eye, layout_basic, uniq_robin
D:3:      layout_basic
D:4:      layout_gridville, serial_shops, nicolae_shop_behind_doors
D:5:      layout_loops_cross, cheibrodos_sewer_entry_bend,
          hangedman_abyss_or_decor_stabs
D:6:      layout_rooms, uniq_pikel
D:7:      layout_rooms, minmay_temple_entry_junction, dreamdust_gnoll_farm

Skill      XL: |  1  2  3  4  5  6  7  8 |
---------------+-------------------------+-----
Axes           | 3 4 5 6 8 |  8.2
Invocations    | 1 2 3 5 |  5.1
Fighting       | 4 5 6 |  6.3
Dodging        | 1 2 3 |  3.2
Armour         | 4 5 |  5.6
Shields        | 4 5 |  5.6

Action                   |  1- 3 |  4- 6 |  7- 9 || total
-------------------------+-------+-------+-------++-------
Melee: War axe           |    90 |   176 |   159 ||   425
       Hand axe          |       |    10 |       ||    10
 Fire: Hunting sling     |       |     5 |       ||     5
Throw: Stone             |       |     1 |     3 ||     4
       Dart              |       |       |     9 ||     9
Invok: Convert to Beogh  |       |       |     1 ||     1
Evoke: Wand              |       |       |     7 ||     7
  Use: Scroll            |       |     3 |       ||     3
       Potion            |       |     1 |     7 ||     8
 Stab: Distracted        |       |       |     1 ||     1
Armor: Scale mail        |    60 |    43 |       ||   103
       Plate armour      |       |    76 |   206 ||   282
Dodge: Dodged            |    54 |    59 |    43 ||   156
Block: Buckler           |    14 |       |       ||    14
       Kite shield       |    14 |    71 |   121 ||   206

Table legend: (Time is in decaauts)
 A = Elapsed time spent in this place.
 B = Non-inter-level travel time spent in this place.
 C = Inter-level travel time spent in this place.
 D = Time resting spent in this place.
 E = Time spent auto-exploring this place.
 F = Levels seen in this place.
 G = Mean time per level.
                   A        B        C        D        E       F      G
               +--------+--------+--------+--------+--------+-----+--------+
         Total |   6873 |   6752 |    121 |   1335 |   4037 |   7 |  981.9 |
       Dungeon |   6873 |   6752 |    121 |   1335 |   4037 |   7 |  981.9 |
               +--------+--------+--------+--------+--------+-----+--------+

Top non-repeatable levels by time:
     D:2: 1267 daAuts
     D:6: 1264 daAuts
     D:5: 1249 daAuts
     D:1: 900 daAuts
     D:4: 818 daAuts
     D:3: 794 daAuts
     D:7: 578 daAuts
